 Dungeon Crawl Stone Soup version 0.24.1-8-ga250c9d538 (webtiles) character file.

Game seed: 14407021462286009247, levelgen mode: deterministic

5777 H0rd4k the Thaumaturge (level 10, -14/52 HPs)
             Began as a Deep Elf Wizard on May 7, 2020.
             Demolished by a two-headed ogre
             ... wielding a +0 giant club
              (23 damage)
             ... on level 8 of the Dungeon on May 8, 2020.
             The game lasted 00:32:56 (10869 turns).

H0rd4k the Thaumaturge (Deep Elf Wizard)           Turns: 10869, Time: 00:32:57

Health: -14/52     AC:  4    Str:  4    XL:     10   Next: 50%
Magic:  6/29       EV: 15    Int: 27    God:
Gold:   1003       SH:  0    Dex: 13    Spells: 27/36 levels left

rFire    x . .     SeeInvis +   A - +3 rapier (speed)
rCold    + . .     Gourm    .   (no shield)
rNeg     . . .     Faith    .   k - +0 robe
rPois    .         Spirit   .   b - +0 hat
rElec    .         Reflect  .   s - +1 cloak
rCorr    .         Harm     .   (no gloves)
MR       +....                  (no boots)
Stlth    +++.......             (no amulet)
HPRegen  0.17/turn              z - ring of see invisible
MPRegen  0.21/turn              u - ring of ice

@: no status effects
A: no striking features
a: no special abilities


You were on level 8 of the Dungeon.
You were very hungry.

You visited 1 branch of the dungeon, and saw 8 of its levels.
You also visited: Ossuary and Bailey.

You collected 1003 gold pieces.

Inventory:

Hand Weapons
 A - a +3 rapier of speed (weapon)
Missiles
 B - 7 atropa-tipped darts (quivered)
Armour
 b - a +0 hat (worn)
 k - a +0 robe (worn)
 s - a +1 cloak (worn)
 K - a +1 pair of gloves
Jewellery
 u - a ring of ice (right hand)
 y - an uncursed ring of see invisible
 z - a ring of see invisible (left hand)
 I - a +6 ring of evasion {unknown}
Wands
 p - a wand of enslavement (6)
 t - a wand of polymorph (7)
Scrolls
 a - 2 scrolls of enchant armour {unknown}
 l - 3 scrolls of fog {unknown}
 n - 4 scrolls of teleportation
 o - 5 scrolls of identify {unknown}
 q - a scroll of fear {unknown}
 v - 2 scrolls of enchant weapon {unknown}
 w - 4 scrolls of remove curse
 x - a scroll of magic mapping
 C - a scroll of brand weapon {unknown}
 E - a scroll of silence {unknown}
 H - a scroll of random uselessness {unknown}
 J - a scroll of amnesia {unknown}
Potions
 c - 5 potions of heal wounds {unknown}
 e - 3 potions of brilliance {unknown}
 f - 2 potions of degeneration {unknown}
 g - a potion of lignification {unknown}
 h - 3 potions of mutation {unknown}
 i - 2 potions of might
 j - 6 potions of flight {unknown}
 m - 3 potions of resistance {unknown}
 r - 6 potions of curing {unknown}
 D - 2 potions of agility {unknown}
 F - a potion of berserk rage {unknown}
 G - a potion of haste {unknown}
Comestibles
 d - 11 rations


   Skills:
 + Level 1.0 Fighting
 + Level 5.9 Dodging
 + Level 4.5 Stealth
 + Level 13.7 Spellcasting
 + Level 9.1 Conjurations
   Level 1.1 Summonings
 + Level 4.0 Translocations
 + Level 3.3 Fire Magic
 + Level 2.1 Air Magic
 + Level 2.9 Poison Magic
 + Level 0.2 Evocations


You had 27 spell levels left.
You knew the following spells:

 Your Spells              Type           Power        Failure   Level  Hunger
a - Magic Dart            Conj           ####         1%          1    None
b - Blink                 Tloc           N/A          1%          2    None
c - Conjure Flame         Conj/Fire      ######..     1%          3    None
d - Mephitic Cloud        Conj/Pois/Air  #####...     1%          3    None

Your spell library contained the following spells:

 Spells                   Type           Power        Failure   Level  Hunger
 Call Imp                 Summ           ###.....     2%          2    None
 Slow                     Hex            ###.....     4%          2    None


Dungeon Overview and Level Annotations

Branches:
Dungeon (8/15)             Temple (0/1) D:7         Ossuary (visited)
 Bailey (visited)
   Lair: D:8-11

Altars:
Ashenzari
Dithmenos
Hepliaklqana
Trog
Uskayaw
The Shining One

Shops:
D:5 *   D:6 *

Annotations:
D:2 exclusion: downstairs
D:3 exclusion: 2 downstairs
D:4 exclusion: 3 downstairs
D:6 exclusion: downstairs


Message History

Aim: a two-headed ogre, wielding a +0 giant club and a +0 giant spiked club (lightly wounded)
Okay, then.
The orc priest zaps a wand.
The puff of flame misses you.
The two-headed ogre is engulfed in blazing flames.
There is a stone staircase leading up here.
Casting: Mephitic Cloud (safe; 1% risk of failure)
Confirm with . or Enter, or press ? or * to list all spells.
Aiming: Conjure Flame (safe; 1% risk of failure)
Press: ? - help, Dir - move target cursor The fire ignites!
The adder skeleton is engulfed in blazing flames.
The adder skeleton bites you but does no damage.
You are feeling very hungry.
The adder skeleton is engulfed in blazing flames.
You destroy the adder skeleton!
The two-headed ogre hits you with a +0 giant club!!
Ouch! That really hurt!
* * * LOW HITPOINT WARNING * * *
The two-headed ogre hits you with a +0 giant spiked club!!
You die...

....o))........#
.....†#........#
......#........#
.##.. #..o.....#
### ###......#
#......#
#......#
#§O....#
#@.....#
#......#
#######.. ..


You could see a two-headed ogre and an orc priest.

Vanquished Creatures
  Pikel (D:4)
  An orc knight (Bailey)
  A hippogriff (D:7)
  Sigmund (D:5)
  A yak (D:7)
  3 hogs (D:7)
  A human (D:7)
  Edmund (D:4)
  2 eyes of draining (D:5)
  2 slaves (D:4)
  6 orc warriors
  A phantom (D:5)
  7 ogres
  2 centaurs
  A crocodile (D:7)
  3 big kobolds (D:3)
  2 bullfrogs
  A wyvern skeleton (D:6)
  11 scorpions
  A howler monkey (D:6)
  4 crimson imps
  A centaur zombie (Ossuary)
  2 hounds
  A human zombie (Ossuary)
  A bullfrog zombie (D:5)
  3 jellies
  An orc wizard (D:4)
  3 orc priests
  2 bullfrog skeletons (D:5)
  Jessica (D:2)
  2 iguanas
  10 worker ants
  2 killer bee zombies (D:6)
  A hound skeleton (D:5)
  3 mummies (Ossuary)
  14 gnolls
  7 scorpion zombies (Ossuary)
  8 adders
  A shadow imp (D:7)
  An ooze (D:4)
  2 adder skeletons
  5 worms
  4 dart slugs
  3 leopard geckos
  35 orcs
  3 ball pythons
  10 giant cockroaches
  36 goblins
  38 hobgoblins
  10 jackals
  3 quokkas
  8 bats
  5 frilled lizards
  A gnoll zombie (Ossuary)
  3 goblin zombies (Ossuary)
  2 hobgoblin zombies (Ossuary)
  A jackal zombie (D:5)
  20 kobolds
  3 kobold zombies (Ossuary)
  8 rats
317 creatures vanquished.

Vanquished Creatures (collateral kills)
  An orc (Bailey)
1 creature vanquished.

Vanquished Creatures (others)
  Eustachio (D:4)
  A slave (D:4)
  A howler monkey (D:4)
  2 gnolls
  2 orcs (D:4)
  A quokka (D:4)
8 creatures vanquished.

Grand Total: 326 creatures vanquished

Notes
Turn   | Place    | Note
-------+----------+-------------------------------------------
     0 | D:1      | H0rd4k the Deep Elf Wizard began the quest for the Orb.
     0 | D:1      | Reached XP level 1. HP: 10/10 MP: 7/7
   111 | D:1      | Reached skill level 5 in Spellcasting
   121 | D:1      | Reached XP level 2. HP: 14/15 MP: 1/10
   629 | D:1      | Reached XP level 3. HP: 15/19 MP: 10/12
   633 | D:1      | Learned a level 2 spell: Blink
   637 | D:1      | Learned a level 3 spell: Conjure Flame
   641 | D:1      | Learned a level 3 spell: Mephitic Cloud
  1193 | D:2      | Reached skill level 6 in Spellcasting
  1291 | D:2      | Noticed Jessica
  1294 | D:2      | Killed Jessica
  1294 | D:2      | Reached XP level 4. HP: 24/24 MP: 10/14
  1512 | D:2      | Found a glowing golden altar of the Shining One.
  1512 | D:2      | Found a hide-covered altar of Uskayaw.
  1902 | D:3      | Reached XP level 5. HP: 28/28 MP: 12/16
  1973 | D:3      | Reached skill level 7 in Spellcasting
  1992 | D:3      | Found a shadowy altar of Dithmenos.
  2241 | D:4      | Noticed a slave
  2241 | D:4      | Noticed a slave
  2242 | D:4      | Noticed Pikel
  2242 | D:4      | Noticed a phantom
  2246 | D:4      | Noticed an ogre
  3368 | D:4      | Reached XP level 6. HP: 32/32 MP: 8/18
  4005 | D:3      | Reached skill level 8 in Spellcasting
  4146 | D:3      | Reached XP level 7. HP: 36/36 MP: 11/20
  4830 | D:4      | Noticed Edmund
  4838 | D:4      | Killed Edmund
  5053 | D:4      | Reached skill level 1 in Air Magic
  5062 | D:4      | Killed Pikel
  5062 | D:4      | Reached skill level 9 in Spellcasting
  5062 | D:4      | Reached skill level 5 in Conjurations
  5062 | D:4      | Reached skill level 1 in Fire Magic
  5062 | D:4      | Reached skill level 1 in Poison Magic
  5062 | D:4      | Reached XP level 8. HP: 33/41 MP: 14/23
  5204 | D:4      | Noticed Eustachio
  5491 | D:4      | Killed Eustachio
  5764 | D:4      | Reached skill level 10 in Spellcasting
  6413 | D:5      | Entered Level 5 of the Dungeon
  6450 | D:5      | Noticed Sigmund
  6752 | D:5      | Found a shattered altar of Ashenzari.
  7137 | D:5      | Reached XP level 9. HP: 45/46 MP: 21/25
  7141 | D:5      | Found Zewaf's Assorted Antiques.
  7170 | D:5      | Reached skill level 11 in Spellcasting
  7695 | D:5      | Killed Sigmund
  7805 | D:5      | Found a bloodstained altar of Trog.
  8883 | D:6      | Found Fatajeh's General Store.
  8917 | D:7      | Reached skill level 12 in Spellcasting
  8925 | D:7      | Found a hazy altar of Hepliaklqana.
  9012 | D:7      | Found a flagged portal.
  9018 | Bailey   | Entered a bailey
  9090 | Bailey   | Noticed an orc knight
  9104 | Bailey   | Killed an orc knight
  9190 | Bailey   | Reached skill level 5 in Dodging
  9319 | D:7      | Reached XP level 10. HP: 31/51 MP: 19/28
  9393 | D:7      | Found a staircase to the Ecumenical Temple.
  9423 | D:7      | Found a sand-covered staircase.
  9461 | Ossuary  | Entered an ossuary
  9915 | Ossuary  | Reached skill level 13 in Spellcasting
 10159 | D:7      | Found a bloodstained altar of Trog.
 10237 | D:7      | Reached skill level 1 in Fighting
 10851 | D:8      | Noticed a two-headed ogre
 10869 | D:8      | Demolished by a two-headed ogre

Levels and vault maps discovered:
D:1:      ncdulo_watergridlock, layout_loops_ring, grunt_decor_arrowhead
D:2:      layout_basic, chequers_temple_overflow_statue_of_worship,
          serial_bayou_pond_a, minmay_split_cup_small, uniq_jessica
D:3:      minmay_goblin_kobold_castle, layout_loops_corners, old_standard_altar
D:4:      layout_basic, minmay_bent, uniq_pikel, uniq_eustachio, uniq_edmund
D:5:      layout_basic, nicolae_ashenzari_panopticon, serial_shops, shop,
          first_ration, chequers_mini_garden, trog_eyes_of_draining,
          uniq_sigmund
D:6:      layout_rooms, serial_shops, kennysheep_mini
D:7:      layout_cave_pools, lemuel_crystal_altar, lemuel_crystal_altar,
          minmay_temple_entry_from_below_b,
          nicolae_ossuary_entry_false_entrances, enter_bailey_3,
          minmay_strange_pillars, grunt_livestock
D:8:      layout_gridville, dpeg_oklobed_lair

Skill      XL: |  1  2  3  4  5  6  7  8  9 10 |
---------------+-------------------------------+-----
Spellcasting   | 5 6 7 8 9 10 12 13 | 13.7
Conjurations   | 2 3 4 5 6 8 9 |  9.1
Translocations | 2 3 4 |  4.0
Dodging        | 3 4 5 |  5.9
Stealth        | 3 4 |  4.5
Air Magic      | 1 2 |  2.1
Fire Magic     | 1 2 3 |  3.3
Poison Magic   | 1 2 |  2.9
Fighting       | 1 |  1.0
Summonings     | |  1.1
Evocations     | |  0.2

Action                   |  1- 3 |  4- 6 |  7- 9 | 10-12 || total
-------------------------+-------+-------+-------+-------++-------
Melee: Unarmed           |     4 |       |     1 |       ||     5
 Cast: Magic Dart        |   107 |   248 |   327 |   104 ||   786
       Blink             |       |     7 |    14 |     1 ||    22
       Conjure Flame     |       |     8 |    38 |    26 ||    72
       Mephitic Cloud    |       |     6 |    28 |    16 ||    50
Evoke: Wand              |       |       |     2 |       ||     2
  Use: Scroll            |       |     7 |       |       ||     7
  Eat: Chunk             |     1 |     8 |    11 |     2 ||    22
       Ration            |       |       |     2 |       ||     2
Armor: Robe              |    16 |    14 |    41 |     8 ||    79
Dodge: Dodged            |    50 |    56 |   100 |    44 ||   250
